% Time on Ice - WINNIPEG BEAVERS
Lines # - Real PCT - Wanted PCT - Time Play
Normal Forward
1 - 33% - 33% - 14:51
2 - 29% - 31% - 13:23
3 - 26% - 26% - 11:54
4 - 12% - 10% - 5:23
Normal Defense
1 - 33% - 32% - 15:06
2 - 32% - 31% - 14:27
3 - 31% - 28% - 13:53
4 - 5% - 9% - 2:05
PP Forward
1 - 66% - 51% - 3:13
2 - 34% - 49% - 1:38
PP Defense
1 - 42% - 51% - 2:03
2 - 58% - 49% - 2:48
PK Forward
1 - 51% - 52% - 4:56
2 - 49% - 48% - 4:42
PK Defense
1 - 47% - 50% - 4:33
2 - 53% - 50% - 5:05
PK3 Forward
1 - 0% - 55%
2 - 0% - 45%
PK3 Defense
1 - 0% - 55%
2 - 0% - 45%
44 Forward
1 - 0% - 51%
2 - 0% - 49%
44 Defense
1 - 0% - 51%
2 - 0% - 49%
Last Minute Offensive  - 0:00
Last Minute Defensive  - 0:00
Total
Forward - 60:00
Defense - 60:00
% Time on Ice - NORTH DAKOTA HAWKS
Lines # - Real PCT - Wanted PCT - Time Play
Normal Forward
1 - 16% - 30% - 7:27
2 - 34% - 27% - 15:29
3 - 23% - 22% - 10:23
4 - 27% - 21% - 12:12
Normal Defense
1 - 34% - 36% - 15:40
2 - 29% - 33% - 13:18
3 - 35% - 20% - 15:44
4 - 2% - 11% - 0:49
PP Forward
1 - 56% - 65% - 5:21
2 - 44% - 35% - 4:17
PP Defense
1 - 61% - 65% - 5:53
2 - 39% - 35% - 3:45
PK Forward
1 - 69% - 55% - 3:21
2 - 31% - 45% - 1:30
PK Defense
1 - 43% - 55% - 2:05
2 - 57% - 45% - 2:46
PK3 Forward
1 - 0% - 55%
2 - 0% - 45%
PK3 Defense
1 - 0% - 55%
2 - 0% - 45%
44 Forward
1 - 0% - 55%
2 - 0% - 45%
44 Defense
1 - 0% - 55%
2 - 0% - 45%
Last Minute Offensive  - 0:00
Last Minute Defensive  - 0:00
Total
Forward - 60:00
Defense - 60:00
Play-by-Play 1st period 0:01 of 1st period - David Krejci wins face-off versus Nic Dowd in neutral zone. 0:05 of 1st period - Icing by Nic Dowd. 0:06 of 1st period - Mika Zibanejad wins face-off versus Nic Dowd in NORTH DAKOTA HAWKS zone. 0:13 of 1st period - Shot by Matthew Nieto. 0:13 of 1st period - Shot Blocked by Reyley Smith. 0:38 of 1st period - Shot by Reyley Smith. 0:38 of 1st period - Stopped by Eric Comrie with a rebound. 1:13 of 1st period - Travis Zajac is hit by Brenden Dillon and loses puck. 1:18 of 1st period - Shot by David Backes. 1:18 of 1st period - Shot Misses the Net. 1:20 of 1st period - Shot by Kevan Miller. 1:20 of 1st period - Stopped by Eric Comrie without a rebound. 1:21 of 1st period - David Krejci wins face-off versus Derek Grant in NORTH DAKOTA HAWKS zone. 1:39 of 1st period - Off-side. 1:40 of 1st period - Matt Cullen wins face-off versus Logan Brown in neutral zone. 1:54 of 1st period - Shot by Matt Cullen. 1:54 of 1st period - Stopped by Eric Comrie without a rebound. 1:55 of 1st period - David Krejci wins face-off versus Derek Grant in NORTH DAKOTA HAWKS zone. 2:26 of 1st period - Shot by David Krejci. 2:26 of 1st period - Shot Blocked by Martin Marincin. 2:43 of 1st period - Icing by David Krejci. 2:44 of 1st period - David Krejci wins face-off versus Brendan Gallagher in WINNIPEG BEAVERS zone. 3:04 of 1st period - Lukas Radil is hit by Nick Seeler and loses puck. 3:22 of 1st period - Shot by Travis Zajac. 3:22 of 1st period - Stopped by Eric Comrie without a rebound. 3:23 of 1st period - Mika Zibanejad wins face-off versus Logan Brown in NORTH DAKOTA HAWKS zone. 3:59 of 1st period - Icing by Marc Staal. 4:00 of 1st period - Logan Brown wins face-off versus Travis Zajac in NORTH DAKOTA HAWKS zone. 4:00 of 1st period - Logan Brown is hit by Sam Lafferty. 6:17 of 1st period - Shot by Brendan Gallagher. 6:17 of 1st period - Goal by Brendan Gallagher - WINNIPEG BEAVERS : 0 - NORTH DAKOTA HAWKS : 1. 6:18 of 1st period - Mika Zibanejad wins face-off versus Logan Brown in neutral zone. 6:36 of 1st period - Shot by Mika Zibanejad. 6:36 of 1st period - Shot Misses the Net. 6:46 of 1st period - Shot by Reyley Smith. 6:46 of 1st period - Goal by Reyley Smith - WINNIPEG BEAVERS : 1 - NORTH DAKOTA HAWKS : 1. 6:47 of 1st period - David Krejci wins face-off versus Matthew Nieto in neutral zone. 7:04 of 1st period - Shot by Brad Marchand. 7:04 of 1st period - Deflect By Gustav Nyquist. 7:04 of 1st period - Shot Misses the Net. 7:06 of 1st period - Shot by Brad Marchand. 7:06 of 1st period - Stopped by Eric Comrie with a rebound. 7:08 of 1st period - Shot by Gustav Nyquist. 7:08 of 1st period - Goal by Gustav Nyquist - WINNIPEG BEAVERS : 2 - NORTH DAKOTA HAWKS : 1. 7:09 of 1st period - Travis Zajac wins face-off versus Derek Grant in neutral zone. 7:32 of 1st period - Shot by David Backes. 7:32 of 1st period - Stopped by Eric Comrie with a rebound. 7:34 of 1st period - Shot by Trevor Daley. 7:34 of 1st period - Shot Blocked by Derek Grant. 8:07 of 1st period - Icing by Brad Marchand. 8:08 of 1st period - Brad Marchand wins face-off versus Brendan Gallagher in WINNIPEG BEAVERS zone. 8:18 of 1st period - Icing by Johnny Boychuk. 8:19 of 1st period - Mika Zibanejad wins face-off versus Brendan Gallagher in NORTH DAKOTA HAWKS zone. 8:45 of 1st period - Marc Staal is hit by Brandon Tanev and loses puck. 8:51 of 1st period - Minor Penalty to Nick Seeler for Holding Stick. 8:52 of 1st period - Logan Brown wins face-off versus David Backes in WINNIPEG BEAVERS zone. 10:30 of 1st period - Shot by Quinton Hughes. 10:30 of 1st period - Stopped by Linus Ullmark without a rebound. 10:31 of 1st period - Nic Dowd wins face-off versus Travis Zajac in WINNIPEG BEAVERS zone. 11:03 of 1st period - David Krejci is hit by Derek Grant and loses puck. 11:30 of 1st period - Icing by Gustav Nyquist. 11:31 of 1st period - David Krejci wins face-off versus Kenny Agostino in WINNIPEG BEAVERS zone. 11:31 of 1st period - David Krejci is hit by Logan Brown. 11:40 of 1st period - David Krejci is hit by Dougie Hamilton and loses puck. 12:15 of 1st period - Shot by Brendan Gallagher. 12:15 of 1st period - Deflect By Lukas Radil. 12:15 of 1st period - Stopped by Linus Ullmark without a rebound. 12:16 of 1st period - Sam Lafferty wins face-off versus Brendan Gallagher in WINNIPEG BEAVERS zone. 12:28 of 1st period - Shot by Lukas Radil. 12:28 of 1st period - Shot Misses the Net. 12:30 of 1st period - Shot by Lukas Radil. 12:30 of 1st period - Deflect By Brendan Gallagher. 12:30 of 1st period - Stopped by Linus Ullmark without a rebound. 12:31 of 1st period - Matt Cullen wins face-off versus Nic Dowd in WINNIPEG BEAVERS zone. 12:31 of 1st period - Matt Cullen is hit by Nic Dowd. 12:32 of 1st period - Minor Penalty to Nic Dowd for Roughing. 12:33 of 1st period - David Krejci wins face-off versus Brendan Gallagher in NORTH DAKOTA HAWKS zone. 13:00 of 1st period - Shot by David Krejci. 13:00 of 1st period - Stopped by Eric Comrie without a rebound. 13:01 of 1st period - Derek Grant wins face-off versus Mika Zibanejad in NORTH DAKOTA HAWKS zone. 13:07 of 1st period - Icing by Gustav Nyquist. 13:08 of 1st period - Brendan Gallagher wins face-off versus Mika Zibanejad in WINNIPEG BEAVERS zone. 13:31 of 1st period - Shot by Brandon Tanev. 13:31 of 1st period - Stopped by Eric Comrie with a rebound. 13:33 of 1st period - Shot by Brandon Tanev. 13:33 of 1st period - Goal by Brandon Tanev - WINNIPEG BEAVERS : 3 - NORTH DAKOTA HAWKS : 1. 13:34 of 1st period - Travis Zajac wins face-off versus Nic Dowd in neutral zone. 13:34 of 1st period - Justin Braun is hit by Brendan Gallagher and loses puck. 14:22 of 1st period - Off-side. 14:23 of 1st period - Mika Zibanejad wins face-off versus Logan Brown in neutral zone. 14:50 of 1st period - Kenny Agostino is hit by Brandon Tanev and loses puck. 14:51 of 1st period - Kenny Agostino from NORTH DAKOTA HAWKS is injured at 14:51 of 1st period (Sprained Right Finger). 14:52 of 1st period - Ryan Carpenter wins face-off versus Gustav Nyquist in NORTH DAKOTA HAWKS zone. 15:01 of 1st period - Shot by David Krejci. 15:01 of 1st period - Stopped by Eric Comrie with a rebound. 15:03 of 1st period - Shot by Brad Marchand. 15:03 of 1st period - Shot Blocked by Ryan Carpenter. 15:05 of 1st period - Shot by Gustav Nyquist. 15:05 of 1st period - Shot Blocked by Marc Methot. 15:17 of 1st period - David Krejci is hit by Ryan Carpenter and loses puck. 15:55 of 1st period - Icing by Brenden Dillon. 15:56 of 1st period - Brendan Gallagher wins face-off versus Mika Zibanejad in NORTH DAKOTA HAWKS zone. 15:56 of 1st period - Brendan Gallagher is hit by Brandon Tanev. 16:14 of 1st period - Shot by Mika Zibanejad. 16:14 of 1st period - Shot Blocked by Johnny Boychuk. 17:13 of 1st period - Justin Braun is hit by Dougie Hamilton and loses puck. 17:39 of 1st period - Derek Grant is hit by Trevor Daley and loses puck. 18:05 of 1st period - Ryan Carpenter is hit by Brad Marchand and loses puck. 18:14 of 1st period - Shot by Brad Marchand. 18:14 of 1st period - Stopped by Eric Comrie without a rebound. 18:15 of 1st period - Matt Cullen wins face-off versus Brendan Gallagher in NORTH DAKOTA HAWKS zone. 18:30 of 1st period - Shot by Brendan Gallagher. 18:30 of 1st period - Shot Misses the Net. 19:25 of 1st period - Shot by Matthew Nieto. 19:25 of 1st period - Deflect By Corey Perry. 19:25 of 1st period - Stopped by Linus Ullmark without a rebound. 19:26 of 1st period - Derek Grant wins face-off versus Mika Zibanejad in WINNIPEG BEAVERS zone. 19:26 of 1st period - Ryan Carpenter is hit by Kevan Miller and loses puck. Goals for this period are 3 for WINNIPEG BEAVERS vs 1 for NORTH DAKOTA HAWKS. Shots for this period are 13 for WINNIPEG BEAVERS vs 5 for NORTH DAKOTA HAWKS. 2nd period 0:01 of 2nd period - David Krejci wins face-off versus Nic Dowd in neutral zone. 0:16 of 2nd period - Shot by Matthew Nieto. 0:16 of 2nd period - Shot Blocked by Gustav Nyquist. 1:22 of 2nd period - Shot by